 Dungeon Crawl Stone Soup version 0.31-a0-816-gd61d57ddb1 (webtiles) character file.

Game seed: 14926774268212370256

49 Maratek the Magician (level 4, 0/31 HPs)
             Began as a Djinni Fire Elementalist on Sept 22, 2023.
             Slain by a goblin
             ... wielding a +0 dagger
              (2 damage)
             ... on level 2 of the Dungeon.
             The game lasted 00:01:36 (985 turns).

Maratek the Magician (Djinni Fire Elementalist)      Turns: 985, Time: 00:01:37

Health: 0/31       AC:  2    Str: 13    XL:     4   Next: 2%
Gold:   43         EV: 12    Int: 19    God:
                   SH:  0    Dex: 13

rFire   + + .        (no weapon)
rCold   x . .        (no shield)
rNeg    . . .        a - +0 robe
rPois   ∞            (no helmet)
rElec   .            (no cloak)
rCorr   .            (no gloves)
SInv    .            (boots unavailable)
Will    .....        (no amulet)
Stlth   ++           f - +6 ring of strength
HPRegen 0.25/turn    (no ring)
MPRegen 0.00/turn

%: infuse magic (-1 HP)
@: flying
A: sickness immunity, fire resistance 2, cold vulnerability 1, float, innate
caster, HP casting, extra vitality 1
a: no special abilities


You were on level 2 of the Dungeon.
You visited 1 branch of the dungeon, and saw 2 of its levels.

You collected 43 gold pieces.

Inventory:

Armour
 a - a +0 robe (worn)
Jewellery
 f - a +6 ring of strength (left hand)
Potions
 b - 2 potions of curing {unknown}
 d - a potion of heal wounds {unknown}
 e - a potion of degeneration {unknown}


   Skills:
 + Level 0.4 Fighting
 + Level 2.7 Dodging
 + Level 2.6 Stealth
 + Level 3.2 Spellcasting
 + Level 3.2 Conjurations
 + Level 3.2 Hexes
 + Level 3.2 Summonings
 + Level 3.2 Necromancy
 + Level 3.2 Translocations
 + Level 3.2 Transmutations
 + Level 3.2 Fire Magic
 + Level 3.2 Ice Magic
 + Level 3.2 Air Magic
 + Level 3.2 Earth Magic
 + Level 3.2 Poison Magic


You knew the following spells:

 Your Spells              Type           Power      Damage    Failure   Level
a - Foxfire               Conj/Fire      60%        2x1d7     4%          1
b - Scorch                Fire           30%        2d6       6%          2
c - Volatile Blastmotes   Fire/Tloc      30%        2d12      12%         3
d - Inner Flame           Hex/Fire       15%        N/A       12%         3
e - Flame Wave            Conj/Fire      15%        2d7       36%         4
f - Shock                 Conj/Air       60%        1d6       4%          1
Your spell library was empty.

Dungeon Overview and Level Annotations

Branches:
Dungeon (2/15)

Altars:

Annotations:
D:2 Sigmund


Innate Abilities, Weirdness & Mutations

You are immune to sickness and miasma.
You are immune to poison.
Your flesh is very heat resistant. (rF++)
You are vulnerable to cold. (rC-)
You float through the air rather than walking.
You learn spells naturally, not from books.
Your magical power is your life essence.
You have superior vitality. (+4 MHP)


Message History

Sigmund casts a spell.
Sigmund flickers and vanishes!
Deactivating autopickup; reactivate with Ctrl-A.
Unknown command.
You conjure some foxfire!
The foxfire hits something. x4; Something hits you!
Unknown command.
You are too injured to fight recklessly!
Unknown command.
You are too injured to fight recklessly!
Unknown command.
You are too injured to fight recklessly!
Unknown command.
The foxfire hits the endoplasm.
The endoplasm is almost dead.
The foxfire hits the endoplasm.
You kill the endoplasm!
Something hits you!
* * * LOW HITPOINT WARNING * * *
Found an Everburning Encyclopedia.
Found 9 gold pieces.
An endoplasm comes into view.
Found a scroll labelled ATHROS ESIECE.
Found a scroll labelled ATHROS ESIECE and 11 gold pieces.
The endoplasm quivers.
Something tries to affect you, but you resist.
A goblin comes into view. It is wielding a +0 dagger.
The goblin shouts!
You hear a zap.
A puff of flame appears from out of thin air!
The puff of flame misses you.
The puff of flame hits the endoplasm.
The endoplasm dies!
An endoplasm comes into view.
The goblin barely misses you.
The endoplasm quivers.
You hit the endoplasm but do no damage. Something hits you.
* * * LOW HITPOINT WARNING * * *
The endoplasm hits you.
* * * LOW HITPOINT WARNING * * *
The goblin hits you with a +0 dagger.
You die...

.. #.#...#.# # ...
####.......# #
#.##..........# .
#:............. #
###..........#. #
########.# #..........# #
.....<...#######.{.......#
...w.....##....#.........#
...............J@.....####
.........#....$.g.....#
.........+............#
.........#......?.....#
##########...$?.......#
######...##### #...# #...#


You could see an endoplasm and a goblin.

Vanquished Creatures
  2 adders (D:2)
  A bat (D:1)
  3 endoplasms
  2 giant cockroaches
  4 hobgoblins
  5 kobolds (D:1)
  A quokka (D:1)
  4 ball pythons (D:1)
  A frilled lizard (D:1)
  3 goblins
  2 rats (D:1)
28 creatures vanquished.

Vanquished Creatures (others)
  An endoplasm (D:2)
  128 foxfires
129 creatures vanquished.

Grand Total: 157 creatures vanquished

Notes
Turn   | Place    | Note
-------+----------+-------------------------------------------
     0 | D:1      | Maratek the Djinni Fire Elementalist began the quest for
                  | the Orb.
     0 | D:1      | Maratek set off with the following spells memorised:
                  | Foxfire, Scorch, Volatile Blastmotes, Inner Flame, Flame
                  | Wave.
     0 | D:1      | Reached XP level 1. HP: 15/15 MP: 0/0
   172 | D:1      | Reached XP level 2. HP: 15/21 MP: 0/0
   543 | D:1      | Reached XP level 3. HP: 23/25 MP: 0/0
   543 | D:1      | Learned a level 1 spell: Shock
   961 | D:2      | Noticed Sigmund
   966 | D:2      | Reached XP level 4. HP: 20/31 MP: 0/0
   985 | D:2      | Slain by a goblin

Illustrated notes

Levels and vault maps discovered:
D:1:      spicycebolla_green_bress_n_ham_2, layout_basic
D:2:      layout_basic, basic_altar, uniq_sigmund

Skill      XL: |  1  2 |
---------------+-------+-----
Spellcasting   | |  3.2
Conjurations   | |  3.2
Hexes          | |  3.2
Summonings     | |  3.2
Necromancy     | |  3.2
Translocations | |  3.2
Transmutations | |  3.2
Fire Magic     | |  3.2
Ice Magic      | |  3.2
Air Magic      | |  3.2
Earth Magic    | |  3.2
Poison Magic   | |  3.2
Stealth        | 2 |  2.6
Fighting       | |  0.4
Dodging        | |  2.7

Action                     |  1- 3 |  4- 6 || total
---------------------------+-------+-------++-------
  Melee: Unarmed           |       |     1 ||     1
   Cast: Foxfire           |    83 |     2 ||    85
    Use: Scroll            |     1 |       ||     1
 Armour: Robe              |     6 |     5 ||    11
  Dodge: Dodged            |     8 |     2 ||    10

Table legend: (Time is in decaauts)
 A = Elapsed time spent in this place.
 B = Non-inter-level travel time spent in this place.
 C = Inter-level travel time spent in this place.
 D = Time resting spent in this place.
 E = Time spent auto-exploring this place.
 F = Levels seen in this place.
 G = Mean time per level.
                   A        B        C        D        E       F      G
               +--------+--------+--------+--------+--------+-----+--------+
         Total |    984 |    944 |     40 |      0 |    775 |   2 |  492.0 |
       Dungeon |    984 |    944 |     40 |      0 |    775 |   2 |  492.0 |
               +--------+--------+--------+--------+--------+-----+--------+

Top non-repeatable levels by time:
     D:1: 843 daAuts
     D:2: 141 daAuts
